 Dungeon Crawl Stone Soup version 0.21-a0-633-g4c047d5 (webtiles) character file.

88 wazuzu the Magician (level 4, -7/24 HPs)
             Began as a Gargoyle Wizard on Dec 28, 2017.
             Was an Initiate of Vehumet.
             Mangled by an ogre
             ... wielding a +0 giant club
              (21 damage)
             ... on level 3 of the Dungeon.
             The game lasted 00:08:35 (2937 turns).

wazuzu the Magician (Gargoyle Wizard)               Turns: 2937, Time: 00:08:36

Health: -7/24      AC: 13    Str: 11    XL:     4   Next: 54%
Magic:  4/9        EV: 10    Int: 19    God:    Vehumet [......]
Gold:   120        SH:  0    Dex:  8    Spells: 9/10 levels left

rFire    . . .     SeeInvis .   i - +3 trident (venom)
rCold    . . .     Gourm    +   (no shield)
rNeg     + + .     Faith    .   k - +0 ring mail
rPois    ∞         Spirit   .   g - +1 helmet
rElec    +         Reflect  .   (no cloak)
rCorr    .         Harm     .   (no gloves)
MR       .....                  h - +2 pair of boots {run}
Stlth    +.........             a - amulet of the gourmand
HPRegen  0.08/turn              j - ring of positive energy
MPRegen  0.11/turn              (no ring)

@: quick
A: negative energy resistance 1, electricity resistance, unbreathing,
petrification resistance, rot immunity, AC +3
a: Renounce Religion


You were on level 3 of the Dungeon.
You worshipped Vehumet.
Vehumet was noncommittal.
You were very full.

You visited 1 branch of the dungeon, and saw 3 of its levels.

You collected 120 gold pieces.

Inventory:

Hand Weapons
 i - a +3 trident of venom (weapon)
Armour
 g - a +1 helmet (worn)
 h - a +2 pair of boots of running (worn)
 k - a +0 ring mail (worn)
Jewellery
 a - an amulet of the gourmand (around neck)
 j - a ring of positive energy (left hand)
Wands
 e - a wand of random effects (30)
Scrolls
 f - a scroll of remove curse
Books
 c - a book of Minor Magic

   Spells                             Type                      Level
   a - Magic Dart                     Conjuration                  1
   b - Blink                          Translocation                2
   c - Call Imp                       Summoning                    2
   d - Slow                           Hexes                        2
   e - Conjure Flame                  Conjuration/Fire             3
   f - Mephitic Cloud                 Conjuration/Poison/Air       3
Comestibles
 d - 2 rations


   Skills:
 - Level 1.5 Dodging
 - Level 2.1 Stealth
 + Level 3.9 Spellcasting
 * Level 3.5 Conjurations
   Level 0.8 Summonings
   Level 0.8 Translocations


You had 9 spell levels left.
You knew the following spells:

 Your Spells              Type           Power        Failure   Level  Hunger
a - Magic Dart            Conj           ###.         8%          1    None


Dungeon Overview and Level Annotations

Branches:
Dungeon (3/15)

Altars:
Uskayaw
Vehumet


Innate Abilities, Weirdness & Mutations

You are resistant to torment.
Your stone body is resilient. (AC +3)
You are immune to poison.
You resist negative energy. (rN+)
You are resistant to electric shocks. (rElec)
You can survive without breathing.
You are immune to petrification.
You are immune to rotting.


Message History

Casting: Magic Dart
Confirm with . or Enter, or press ? or * to list all spells.
Aiming: Magic Dart
Press: ? - help, Shift-Dir - straight line, f/p - ogre
Aim: an ogre, wielding a giant club (moderately wounded)
The magic dart hits the ogre.
The ogre is heavily wounded.
Casting: Magic Dart
Confirm with . or Enter, or press ? or * to list all spells.
Aiming: Magic Dart
Press: ? - help, Shift-Dir - straight line, f/p - ogre
Aim: an ogre, wielding a giant club (moderately wounded)
The magic dart hits the ogre.
The ogre is moderately wounded.
The ogre hits you with a giant club!
You hit the ogre.
The ogre is poisoned.
The ogre is heavily wounded.
The ogre hits you with a giant club!!
Ouch! That really hurt!
You die...

##..###.## #.# . .
#.## #..# #.# ..#..
...# ##.###.# ...#$
#...#
#.....###....#
.....#
####.......$.
.##... ##.#..#.# .
#..#.#.##.. #.
##.#......#. #..
#.@O....#.. #..[
#......#..# #....
#(....#...#
......###....#.....
#..<....?......
#####†.........
#..........>
#..#)....#..
#..##..###


You could see an ogre.

Vanquished Creatures
  Robin (D:2)
  An adder (D:2)
  An ooze (D:2)
  3 worms (D:2)
  A dart slug (D:2)
  4 giant cockroaches
  12 goblins
  13 hobgoblins
  A quokka (D:2)
  3 bats
  A frilled lizard (D:1)
  4 kobolds
  4 rats
49 creatures vanquished.

Notes
Turn   | Place    | Note
-------+----------+-------------------------------------------
     0 | D:1      | wazuzu the Gargoyle Wizard began the quest for the Orb.
     0 | D:1      | Reached XP level 1. HP: 10/10 MP: 4/4
   482 | D:1      | Identified a +2 pair of boots of running (You found it on level 1 of the Dungeon)
   525 | D:1      | Reached XP level 2. HP: 15/15 MP: 3/6
  1497 | D:2      | Found a hide-covered altar of Uskayaw.
  1662 | D:2      | Reached XP level 3. HP: 19/19 MP: 1/7
  1774 | D:2      | Noticed Robin
  2393 | D:2      | Killed Robin
  2393 | D:2      | Reached XP level 4. HP: 5/24 MP: 0/9
  2679 | D:2      | Found a radiant altar of Vehumet.
  2711 | D:2      | Became a worshipper of Vehumet
  2854 | D:3      | Noticed an ogre
  2937 | D:3      | Mangled by an ogre

Vault maps used:
D:1:      dpeg_arrival_water_fire, minmay_splitting_lines
D:2:      marbit_many_paths, overflow_temple_1_default, minmay_hexomino_p4,
          uniq_robin
D:3:      minivault_26, uniq_crazy_yiuf_cottage, uniq_ijyb

Skill      XL: |  1  2  3 |
---------------+----------+-----
Conjurations   | 2 3 |  3.5
Dodging        | |  1.5
Stealth        | |  2.1
Spellcasting   | |  3.9
Summonings     | |  0.8
Translocations | |  0.8

Action                   |  1- 3 |  4- 6 || total
-------------------------+-------+-------++-------
Melee: Unarmed           |    16 |       ||    16
       Dagger            |    82 |       ||    82
       Trident           |       |    17 ||    17
 Cast: Magic Dart        |    75 |    24 ||    99
  Use: Scroll            |     3 |     1 ||     4
       Potion            |     1 |       ||     1
  Eat: Ration            |     1 |       ||     1
       Chunk             |     1 |     9 ||    10
Armor: Ring mail         |    31 |     5 ||    36
       Robe              |     5 |       ||     5
       Skin              |    36 |       ||    36
Dodge: Dodged            |    58 |    12 ||    70

Table legend:
 A = Spawn XP
 B = Non-spawn XP
 C = Spawn XP percentage of total XP
 D = Spawn monster count
 E = Non-spawn monster count
 F = Spawn count percentage of total count
 G = Total turns spent on level
                    A         B        C        D         E        F      G
               +---------+---------+-------+---------+---------+-------+---------
         Total |       0 |     127 |   0.0 |       0 |      49 |   0.0 |  2937
               +---------+---------+-------+---------+---------+-------+---------
           D:1 |       0 |      21 |   0.0 |       0 |      14 |   0.0 |  1733
           D:2 |       0 |      97 |   0.0 |       0 |      30 |   0.0 |  1149
           D:3 |       0 |       9 |   0.0 |       0 |       5 |   0.0 |    55
               +---------+---------+-------+---------+---------+-------+---------
